 Dungeon Crawl Stone Soup version 0.18.1-1-g2f07953 (webtiles) character file.

7322 imoen the Impaler (level 11, -3/90 HPs)
             Began as a Merfolk Berserker on May 6, 2016.
             Was a Priest of Trog.
             Slain by a raiju (8 damage)
             ... on level 3 of the Abyss.
             The game lasted 00:37:49 (4563 turns).

imoen the Impaler (Merfolk Berserker)               Turns: 4563, Time: 00:37:49

Health: -3/90      AC: 10    Str: 28    XL:     11   Next: 13%
Magic:  0/11       EV:  9    Int:  7    God:    Trog [***...]
Gold:   160        SH:  0    Dex: 14    Spells: 0 memorised, 10 levels left

rFire  . . .     SeeInvis .     x - +1 halberd (freeze)
rCold  . . .     Gourm    .     r - +0 chain mail
rNeg   . . .     Faith    .     (shield currently unavailable)
rPois  .         Spirit   +     (no helmet)
rElec  .         Dismiss  .     e - +0 cloak
rCorr  .         Reflect  .     (no gloves)
SustAt .         Harm     .     a - +0 pair of boots
MR     +....                    O - amulet of guardian spirit
Stlth  ..........               q - ring of protection from magic
                                I - +3 ring of strength

@: mighty, exhausted, very slightly contaminated, slowed, invisible (expiring),
very slow, somewhat resistant to hostile enchantments, extremely unstealthy
A: change form in water, swift swim
a: Berserk, Trog's Hand, Burn Spellbooks, Renounce Religion


You were on level 3 of the Abyss.
You worshipped Trog.
Trog was most pleased with you.
You were near starving.

You visited 2 branches of the dungeon, and saw 12 of its levels.
You visited the Abyss 1 time.
You also visited: Sewer and Ossuary.

You collected 410 gold pieces.
You spent 250 gold pieces at shops.

Inventory:

Hand Weapons
 x - a +1 halberd of freezing (weapon)
   (You took it off a wight in an ossuary)
 K - a +0 blowgun
   (You found it on level 8 of the Dungeon)
 L - the +7 spear of War {pierce, +Blink Str+3}
   (You found it on level 9 of the Dungeon)

   It inflicts extra damage upon your enemies.
   It affects your strength (+3).
   It lets you blink.
Missiles
 b - a throwing net
 J - 34 poisoned needles
Armour
 a - a +0 pair of boots (worn)
   (You found it on level 10 of the Dungeon)
 e - a +0 cloak (worn)
   (You found it on level 4 of the Dungeon)
 r - a +0 chain mail (worn)
   (You found it on level 6 of the Dungeon)
Jewellery
 q - a ring of protection from magic (right hand)
   (You found it on level 5 of the Dungeon)
 I - a +3 ring of strength (left hand)
   (You found it on level 8 of the Dungeon)
 O - an amulet of guardian spirit (around neck)
   (You found it on level 10 of the Dungeon)
Wands
 d - a wand of slowing (17/48)
   (You found it on level 1 of the Lair of Beasts)
 l - a wand of lightning (12/15)
   (You found it on level 5 of the Dungeon)
 t - a wand of iceblast (8/15)
   (You found it on level 2 of the Lair of Beasts)
 v - a wand of teleportation (7/9)
   (You found it on level 6 of the Dungeon)
Scrolls
 f - 3 scrolls of fog
 m - 2 scrolls of teleportation
 w - 2 scrolls of noise
 A - 2 scrolls of magic mapping
 B - 2 scrolls of recharging
 D - a scroll of remove curse
Potions
 c - 2 potions of might
 g - 2 potions of cancellation {unknown}
 h - 6 potions of flight
 i - a potion of berserk rage
 k - 4 potions of invisibility
 n - 2 potions of agility {unknown}
 s - 3 potions of curing
 C - a potion of lignification
 E - a potion of ambrosia {unknown}
Comestibles
 o - 8 meat rations
 p - 3 bread rations
 u - a chunk of flesh
 G - a beef jerky
 M - a slice of pizza
 N - 15 fruits


   Skills:
 + Level 10.0 Fighting
 - Level 19.0 Polearms
 - Level 1.3 Armour
 - Level 2.6 Dodging


You had 10 spell levels left.
You didn't know any spells.

Dungeon Overview and Level Annotations

Branches:
Dungeon (10/15)            Temple (0/1) D:5            Lair (2/8) D:10
    Orc: D:9-12

Altars:
Ashenzari
Fedhas
Kikubaaqudgha
Qazlal
Ru
Vehumet
Xom
Yredelemnul
Zin

Shops:
D:6 *   D:7 !

Annotations:
Lair:2 Sonja


Message History

You feel a strong urge to attack something.
Unknown command.
You are too injured to fight recklessly!
You are too injured to fight recklessly!
You are too injured to fight recklessly!
You are too injured to fight recklessly!
Attack whom?
Aim: a raiju You reach to attack!
You barely miss the raiju.
The raiju bursts into living lightning!
The living lightning misses you.
The raiju blinks!
A raiju comes into view.
The raiju barks!
A raiju comes into view.
The raiju barks!
Attack whom?
That would be overly suicidal.
Okay, then.
Attack whom?
Okay, then.
You swing at nothing.
You swing at nothing.
You feel your anger subside.
Attack whom?
Aim: a raiju You reach to attack!
You impale the raiju!! You freeze the raiju.
Attack whom?
Aim: a raiju (severely wounded)
You reach to attack!
You slice the raiju!! You freeze the raiju.
You kill the raiju!
Trog accepts your kill.
Your Fighting skill increases to level 10!
You are no longer berserk.
You are exhausted.
You feel yourself slow down.
You are feeling very hungry.
You now have 39/90 hp.
You are too injured to fight recklessly!
Unknown command.
You are too injured to fight recklessly!
You are too injured to fight recklessly!
You are too injured to fight recklessly!
You are too injured to fight recklessly!
Unknown command.
Eat a chunk of flesh? (ye/n/q/i?)
Okay, then.
Read which item? (? for menu, Esc to quit)
As you read the scroll labeled WECHEUSCHA YNTIG, it crumbles to dust.
You assume a fearsome visage.
The raiju looks frightened! x3
It was a scroll of fear.
A sixfirhy and a cacodemon come into view.
Read which item? (? for menu, Esc to quit)
As you read the scroll labeled CUASMI ZOUN, it crumbles to dust.
It is a scroll of enchant weapon.
Enchant which weapon? (? for menu, Esc to quit)
Your +0 halberd of freezing glows red for a moment.
The cacodemon shouts!
Unknown command.
Drink which item? (? for menu, Esc to quit)
It was a potion of might.
You feel very mighty all of a sudden. The sixfirhy barely misses you.
The sixfirhy misses you.
You strike the helpless sixfirhy from behind!
You impale the sixfirhy!! You freeze the sixfirhy. The sixfirhy hits you.
* * * LOW HITPOINT WARNING * * *
The sixfirhy shocks you!
* * * LOW HITPOINT WARNING * * *
The sixfirhy hits you but does no damage.
The sixfirhy closely misses you.
You take 8 damage, and have 32/90 hp.
You now have 6/11 mp.
Unknown command.
Drink which item? (? for menu, Esc to quit)
You're too exhausted to go berserk.
Unknown command.
You fail to use your ability.
The raiju barks!
The cacodemon gestures at you.
You easily resist.
A large abomination comes into view.
Your polar bear goes berserk!
You are near starving!
You can no longer call in reinforcements.
You flicker for a moment.
The raiju seems to regain its courage.
The cacodemon closely misses you.
The cacodemon hits you but does no damage.
The raiju bursts into living lightning!
The living lightning misses your polar bear.
The living lightning hits you!
* * * LOW HITPOINT WARNING * * *
The raiju blinks! x3; The raiju bites you but does no damage.
The cacodemon hits you!
* * * LOW HITPOINT WARNING * * *
The cacodemon hits you but does no damage.
You take 24 damage, and have 8/90 hp.
MASSIVE DAMAGE!!
You now have 2/11 mp.
You closely miss the cacodemon. The raiju bites you.
* * * LOW HITPOINT WARNING * * *
The raiju shocks you!
You die...

. .# .#.§#.
## . ..#..
##.# .. ....
....# ###
#.#...
..##.##. ###
## ##...#.#..
#...##.#.
..........#
#..## . . .
.#...h#.###.#
.... . ..#h@#
#..##.#. ###
.#
##.2#h##§...#
.#.####
#.....†..
##.. ..##.
...X.# #..#.
##..#. .
#.#.###..####
## # #..# #
.# #. .# #.
## #. . . #
#. #.# #. #
## # #


You could see a cacodemon, a large abomination (wandering), 2 raiju and a
friendly polar bear (berserk).

Vanquished Creatures
  Erolcha (D:8)
  The ghost of protoss039 the Blocker, a novice DgFi (D:9)
  Nergalle (D:10)
  The ghost of Vidiiot the Cleaver, a novice HOGl of Beogh (D:8)
  A black mamba (Lair:1)
  2 komodo dragons
  A polar bear (D:9)
  Grinder (D:3)
  A raiju (Abyss:3)
  A ynoxinul (Abyss:3)
  2 wraiths (Ossuary)
  3 yaks
  A steam dragon (D:7)
  2 water moccasins (Lair:1)
  A porcupine (Lair:1)
  An ice beast (D:6)
  A sky beast (D:8)
  A phantom (D:9)
  A necrophage (D:7)
  2 wolves (D:9)
  2 centaurs (D:8)
  A big kobold (D:8)
  2 crocodiles (Lair:1)
  3 giant frogs
  A wyvern zombie (D:7)
  A scorpion (D:5)
  5 wights (Ossuary)
  A crimson imp (D:6)
  A giant frog zombie (D:5)
  A centaur skeleton (D:9)
  2 hounds
  4 jellies
  2 orc priests
  4 orc wizards
  2 giant frog skeletons
  4 iguanas
  4 worker ants
  3 river rats (Lair:2)
  5 adders
  A shadow imp (D:8)
  A worker ant simulacrum (D:9)
  6 oozes (Sewer)
  2 adder zombies (Ossuary)
  4 worms
  An adder simulacrum (D:9)
  The ghost of imoen the Ruffian, a weakling VSMo (D:3)
  2 giant geckos (Sewer)
  18 orcs
  2 giant cockroaches
  2 goblins
  2 hobgoblins
  4 jackals (Sewer)
  6 kobolds
  5 quokkas
  A ball python skeleton (Ossuary)
  8 bats
  2 giant newts (Sewer)
  A hobgoblin zombie (Ossuary)
  A kobold zombie (Ossuary)
  An orc skeleton (Ossuary)
  An orc zombie (Ossuary)
  2 quokka zombies
  5 rats
  2 rat zombies (D:8)
  A plant (D:10)
156 creatures vanquished.

Notes
Turn   | Place    | Note
--------------------------------------------------------------
     0 | D:1      | imoen the Merfolk Berserker began the quest for the Orb.
     0 | D:1      | Reached XP level 1. HP: 18/18 MP: 1/1
    60 | D:1      | Reached skill level 5 in Polearms
    91 | D:2      | Reached XP level 2. HP: 17/24 MP: 2/2
   287 | D:3      | Found a glowing drain.
   291 | Sewer    | Entered a sewer
   299 | Sewer    | Reached skill level 6 in Polearms
   299 | Sewer    | Reached XP level 3. HP: 29/29 MP: 3/3
   389 | Sewer    | Reached ** piety under Trog
   505 | Sewer    | Reached skill level 7 in Polearms
   505 | Sewer    | Reached XP level 4. HP: 29/35 MP: 4/4
   828 | D:3      | Noticed Grinder
   839 | D:3      | Noticed imoen's ghost (weakling VSMo)
   853 | D:3      | Killed imoen's ghost
   854 | D:3      | Paralysed by Grinder for 4 turns
   859 | D:3      | HP: 8/35 [Grinder (5)]
   860 | D:3      | HP: 2/35 [Grinder (6)]
   863 | D:3      | Killed Grinder
   863 | D:3      | Reached skill level 9 in Polearms
   863 | D:3      | Reached XP level 5. HP: 4/41 MP: 5/5
   863 | D:3      | Reached XP level 6. HP: 4/47 MP: 6/6
   880 | D:3      | HP: 8/47 [worker ant (6)]
   885 | D:3      | HP: 10/70 [poisoned by a worker ant]
   891 | D:3      | HP: 10/70 [poisoned by a worker ant]
   896 | D:3      | HP: 13/70 [poisoned by a worker ant]
   901 | D:3      | HP: 13/70 [poisoned by a worker ant]
   909 | D:3      | HP: 13/70 [poisoned by a worker ant]
   951 | D:3      | Reached skill level 10 in Polearms
   984 | D:3      | Found a radiant altar of Vehumet.
  1116 | D:5      | Entered Level 5 of the Dungeon
  1209 | D:5      | Found a staircase to the Ecumenical Temple.
  1329 | D:5      | Reached skill level 11 in Polearms
  1329 | D:5      | Reached XP level 7. HP: 52/52 MP: 7/7
  1465 | D:6      | Found Liugiulo's General Store.
  1505 | D:6      | Bought a potion of curing for 45 gold pieces
  1505 | D:6      | Bought a potion of heal wounds for 75 gold pieces
  1542 | D:6      | Reached *** piety under Trog
  1557 | D:6      | Reached skill level 12 in Polearms
  1624 | D:6      | Found a sand-covered staircase.
  1634 | Ossuary  | Entered an ossuary
  1885 | Ossuary  | Noticed a wraith
  1885 | Ossuary  | Noticed a flying skull
  1894 | Ossuary  | Noticed a flying skull
  1895 | Ossuary  | Noticed a flying skull
  1899 | Ossuary  | Noticed a flying skull
  1931 | Ossuary  | Reached XP level 8. HP: 48/58 MP: 8/8
  1942 | Ossuary  | Noticed a wraith
  1951 | Ossuary  | Killed a wraith
  1951 | Ossuary  | Reached skill level 13 in Polearms
  1991 | Ossuary  | Noticed a wraith
  1994 | Ossuary  | Killed a wraith
  2015 | Ossuary  | Noticed a flying skull
  2222 | D:6      | Reached skill level 14 in Polearms
  2395 | D:7      | Found Plog's Distillery.
  2405 | D:7      | Bought a potion of haste for 130 gold pieces
  2415 | D:7      | Reached skill level 15 in Polearms
  2481 | D:7      | Reached XP level 9. HP: 60/64 MP: 9/9
  2492 | D:7      | Found a sacrificial altar of Ru.
  2534 | D:8      | Noticed Vidiiot's ghost (novice HOGl)
  2548 | D:8      | Killed Vidiiot's ghost
  2548 | D:8      | Reached skill level 16 in Polearms
  2615 | D:8      | Found a glowing silver altar of Zin.
  2615 | D:8      | Found a shimmering altar of Xom.
  2615 | D:8      | Noticed an angel
  2620 | D:8      | Noticed Erolcha
  2645 | D:8      | Killed Erolcha
  2645 | D:8      | Reached skill level 17 in Polearms
  2678 | D:8      | Found a blossoming altar of Fedhas.
  2737 | D:8      | Found a stormy altar of Qazlal.
  2842 | D:8      | Found an ancient bone altar of Kikubaaqudgha.
  2926 | D:8      | Found a basalt altar of Yredelemnul.
  2944 | D:8      | Reached **** piety under Trog
  2960 | D:8      | Reached skill level 18 in Polearms
  3122 | D:9      | Found a shattered altar of Ashenzari.
  3176 | D:9      | Reached XP level 10. HP: 65/70 MP: 10/10
  3194 | D:9      | Got a steaming spear
  3206 | D:9      | Noticed protoss039's ghost (novice DgFi)
  3221 | D:9      | Killed protoss039's ghost
  3303 | D:9      | Reached skill level 19 in Polearms
  3459 | D:9      | Reached skill level 4 in Fighting
  3589 | D:9      | Reached skill level 5 in Fighting
  3635 | D:10     | Entered Level 10 of the Dungeon
  3702 | D:10     | Noticed Nergalle
  3720 | D:10     | Killed Nergalle
  3720 | D:10     | Reached skill level 6 in Fighting
  3729 | D:10     | Identified the +7 spear of War {pierce, +Blink Str+3} (You found it on level 9 of the Dungeon)
  3852 | D:10     | Found a staircase to the Lair.
  3875 | D:10     | Reached skill level 7 in Fighting
  3878 | Lair:1   | Entered Level 1 of the Lair of Beasts
  3970 | Lair:1   | Reached skill level 8 in Fighting
  4019 | Lair:1   | HP: 30/123 [yak (6)]
  4022 | Lair:1   | HP: 14/123 [yak (4)]
  4034 | Lair:1   | HP: 13/82 [crocodile (12)]
  4041 | Lair:1   | HP: 16/82 [crocodile (9)]
  4046 | Lair:1   | HP: 18/82 [water moccasin (3)]
  4051 | Lair:1   | Reached skill level 9 in Fighting
  4051 | Lair:1   | Reached XP level 11. HP: 20/89 MP: 1/11
  4368 | Lair:2   | Noticed Sonja
  4369 | Lair:2   | Cast into level 1 of the Abyss (Sonja)
  4380 | Abyss:1  | Found a corrupted altar of Lugonu.
  4484 | Abyss:3  | Noticed a spatial maelstrom
  4484 | Abyss:3  | Noticed a spatial maelstrom
  4484 | Abyss:3  | Noticed a spatial maelstrom
  4484 | Abyss:3  | Noticed a spatial maelstrom
  4485 | Abyss:3  | Noticed a spatial maelstrom
  4485 | Abyss:3  | Noticed a spatial maelstrom
  4487 | Abyss:3  | Noticed a spatial maelstrom
  4487 | Abyss:3  | Noticed a spatial maelstrom
  4493 | Abyss:3  | Noticed an orc sorcerer
  4498 | Abyss:3  | Noticed a spatial maelstrom
  4502 | Abyss:3  | HP: 15/90 [spatial maelstrom (17)]
  4556 | Abyss:3  | Reached skill level 10 in Fighting
  4558 | Abyss:3  | Noticed a cacodemon
  4558 | Abyss:3  | Noticed a sixfirhy
  4562 | Abyss:3  | HP: 19/90 [raiju/living lightning (13)]
  4562 | Abyss:3  | HP: 8/90 [cacodemon (11)]
  4563 | Abyss:3  | Slain by a raiju

Skill      XL: |  1  2  3  4  5  6  7  8  9 10 11 |
---------------+----------------------------------+-----
Polearms       | 5 6 7 9 11 12 15 18 19 | 19.0
Fighting       | 9 10 | 10.0
Armour         | |  1.3
Dodging        | |  2.6

Action                   |  1- 3 |  4- 6 |  7- 9 | 10-12 || total
-------------------------+-------+-------+-------+-------++-------
Melee: Spear             |    78 |   180 |    68 |       ||   326
       Tailslap          |     1 |     5 |       |     2 ||     8
       Halberd           |       |       |   194 |   173 ||   367
Invok: Berserk           |     2 |     3 |     9 |     8 ||    22
       Trog's Hand       |       |     3 |       |     2 ||     5
       Burn Spellbooks   |       |     1 |       |       ||     1
       Brothers in Arms  |       |       |       |     1 ||     1
 Abil: Evoke Blink       |       |       |       |     1 ||     1
  Use: Scroll            |       |     5 |     2 |    10 ||    17
       Potion            |       |     2 |       |     8 ||    10
 Stab: Invisible         |       |       |       |     1 ||     1
  Eat: Chunk             |     1 |       |    14 |    11 ||    26
       Bread ration      |       |     1 |       |       ||     1
       Fruit             |       |       |     4 |     1 ||     5
Armor: Scale mail        |    10 |    35 |     2 |       ||    47
       Skin              |       |    13 |       |       ||    13
       Chain mail        |       |       |    53 |    66 ||   119
Dodge: Dodged            |    27 |    69 |    46 |    81 ||   223

Vault maps used:
D:1:      shiori_arrival_maze
D:2:      minmay_three_crescents, uniq_crazy_yiuf_cottage
D:3:      vehumet_crystals, gup_sewer_entry_bowl, minmay_misc_feat_iff,
          minmay_misc_feat_encased, uniq_grinder
D:4:      cheibriados_altar_wand_db, uniq_edmund
D:5:      lemuel_round_altar, temple_pool_a, first_bread
D:6:      serial_shops, nicolae_shop_crystal, enter_ossuary_3, minmay_liquid_box
D:7:      grunt_temple_overflow_opulence, nicolae_ru_path_of_blood,
          lemuel_doored_altar, overflow_temple_1_default, serial_shops, shop,
          uniq_joseph
D:8:      grunt_temple_overflow_order_and_chaos_1, fedhas_altar_1, led_sif_book,
          lemuel_zombie_altar_kikubaaqudgha, lemuel_round_altar, basic_altar,
          uniq_erolcha
D:9:      nicolae_ashenzari_panopticon, serial_ice, serial_ice_b, serial_ice_i,
          serial_ice_e, serial_ice_h
D:10:     david_lair_shrubbed, special_room, uniq_nergalle
Lair:1:   minmay_holes, minivault_24, grunt_forest_small_clearings,
          serial_bayou_shore_b, serial_bayou_shore_b
Lair:2:   guppyfry_lair_drakes, uniq_sonja, uniq_urug
Abyss:2:  hangedman_abyss_or_decor_clamps
Abyss:3:  nicolae_abyss_rune_containment_breach
Sewer:    sewer_fruit_machine
Ossuary:  ossuary_due_cavern

Table legend:
 A = Turns spent in this place as a percentage of turns spent in the entire game.
 B = Non-inter-level travel turns spent in this place as a percentage of non-inter-level travel turns spent in the entire game.
 C = Inter-level travel turns spent in this place as a percentage of turns spent in this place.
 D = Turns resting spent in this place as a percentage of non-inter-level travel turns spent in this place.
 E = Turns spent auto-exploring this place as a percentage of non-inter-level travel turns spent in this place.
 F = Non-inter-level travel turns spent in this place divided by the number of levels of this place that you've seen.
                   A       B       C       D       E      F
               +-------+-------+-------+-------+-------+----------------------
         Total | 100.0 | 100.0 |   0.4 |   0.1 |   0.1 | 228.6
       Dungeon |  61.7 |  61.5 |   0.6 |   0.1 |   0.1 | 239.1
          Lair |  12.8 |  12.9 |   0.0 |   0.0 |   0.2 | 250.5
         Abyss |   6.6 |   6.6 |   0.0 |   0.0 |   0.0 |  85.7
         Sewer |  10.4 |  10.4 |   0.0 |   0.0 |   0.0 | 405.0
       Ossuary |   8.5 |   8.5 |   0.0 |   0.0 |   0.3 | 332.0
               +-------+-------+-------+-------+-------+----------------------

Table legend:
 A = Kills in this place as a percentage of kills in entire the game.
 B = Kills by you in this place as a percentage of kills by you in the entire game.
 C = Kills by friends in this place as a percentage of kills by friends in the entire game.
 D = Other kills in this place as a percentage of other kills in the entire game.
 E = Experience gained in this place as a percentage of experience gained in the entire game.
 F = Experience gained in this place divided by the number of levels of this place that you have seen.
                   A       B       C       D       E      F
               +-------+-------+-------+-------+-------+----------------------
         Total | 100.0 | 100.0 |  -nan |  -nan | 100.0 | 615.3
       Dungeon |  64.5 |  64.5 |  -nan |  -nan |  68.2 | 713.2
          Lair |   9.7 |   9.7 |  -nan |  -nan |  19.4 | 1016.5
         Abyss |   1.3 |   1.3 |  -nan |  -nan |   4.6 | 162.0
         Sewer |  15.5 |  15.5 |  -nan |  -nan |   0.9 |  96.0
       Ossuary |   9.0 |   9.0 |  -nan |  -nan |   6.8 | 713.0
               +-------+-------+-------+-------+-------+----------------------
